 Dungeon Crawl Stone Soup version 0.29.1-13-g9f3cf754e1 (webtiles) character file.

Game seed: 15962158200408933734

55 Heoruswealwe the Chiller (level 3, -4/19 HPs)
             Began as a Deep Elf Ice Elementalist on Feb 2, 2023.
             Slain by a gnoll
             ... wielding a +0 halberd
              (14 damage)
             ... on level 2 of the Dungeon.
             The game lasted 00:21:58 (1474 turns).

Heoruswealwe the Chiller (DEIE)                     Turns: 1474, Time: 00:21:59

Health: -4/19      AC:  2    Str:  5    XL:     3   Next: 67%
Magic:  5/10       EV: 12    Int: 21    God:
Gold:   77         SH:  0    Dex: 15    Spells: 6/10 levels left

rFire   . . .      SeeInvis .   i - +0 dagger (freeze)
rCold   . . .      Faith    .   (no shield)
rNeg    . . .      Spirit   .   a - +0 robe
rPois   .          Reflect  .   (no helmet)
rElec   .          Harm     .   (no cloak)
rCorr   .          Rampage  .   (no gloves)
Will    +....                   (no boots)
Stlth   ++........              (no amulet)
HPRegen 0.06/turn               B - ring of willpower
MPRegen 0.12/turn               (no ring)

@: no status effects
A: no striking features
a: no special abilities


You were on level 2 of the Dungeon.
You visited 1 branch of the dungeon, and saw 3 of its levels.

You collected 77 gold pieces.

Inventory:

Hand Weapons
 c - a +0 whip
 e - a +0 short sword
 h - a +0 sling
 i - a +0 dagger of freezing (weapon)
 j - a +0 dagger
 n - a +0 club
 r - a +0 club
 t - a +0 dagger
 w - a +0 club
 x - a +0 club
 C - a +0 hand axe
 E - a +0 short sword
Missiles
 f - 20 stones
 q - 5 poisoned darts
Armour
 a - a +0 robe (worn)
 D - a +2 chain mail of cold resistance
Jewellery
 y - an amulet of guardian spirit
 B - a ring of willpower (left hand)
Scrolls
 d - a scroll of brand weapon {unknown}
 k - a scroll of amnesia {unknown}
 l - a scroll of noise {unknown}
 m - a scroll of enchant armour {unknown}
 o - 2 scrolls of identify {unknown}
 s - a scroll of magic mapping {unknown}
 v - a scroll of butterflies {unknown}
 A - a scroll of vulnerability {unknown}
Potions
 b - a potion of magic
 g - a potion of curing {unknown}
 p - a potion of resistance {unknown}
 u - a potion of mutation {unknown}
 z - 2 potions of might {unknown}


   Skills:
 + Level 2.4 Dodging
 + Level 2.7 Stealth
 + Level 4.0 Spellcasting
 + Level 5.3 Ice Magic


You had 6 spell levels left.
You knew the following spells:

 Your Spells              Type           Power      Damage    Failure   Level
a - Freeze                Ice            100%       1d11      1%          1
b - Frozen Ramparts       Ice            52%        1d8       4%          3

Your spell library contained the following spells:

 Spells                   Type           Power      Damage    Failure   Level
 Ozocubu's Armour         Ice            26%        N/A       4%          3
 Portal Projectile        Hex/Tloc       8%         N/A       34%         3
 Tukima's Dance           Hex            4%         N/A       34%         3
 Hailstorm                Conj/Ice       15%        3d5       36%         4
 Blade Hands              Tmut           2%         N/A       97%         5


Dungeon Overview and Level Annotations

Branches:
Dungeon (3/15)

Altars:

Shops:
D:1 =


Message History

Press: ? - help, Shift-Dir - straight line, f - adder
Aim: an adder You freeze the adder.
The adder is lightly wounded.
The adder seems to slow down.
The adder closely misses you.
Casting: Freeze (safe; 1% risk of failure)
Confirm with . or Enter, or press ? or * to list all spells.
Aiming: Freeze (safe; 1% risk of failure)
Press: ? - help, Shift-Dir - straight line, f/p - adder
Aim: an adder (lightly wounded, slow)
You freeze the adder.
The adder is moderately wounded.
The adder bites you.
Casting: Freeze (safe; 1% risk of failure)
Confirm with . or Enter, or press ? or * to list all spells.
Aiming: Freeze (safe; 1% risk of failure)
Press: ? - help, Shift-Dir - straight line, f/p - adder
Aim: an adder (moderately wounded, slow)
You freeze the adder.
The adder is severely wounded.
The adder seems to slow down.
The adder misses you.
Casting: Freeze (safe; 1% risk of failure)
Confirm with . or Enter, or press ? or * to list all spells.
Aiming: Freeze (safe; 1% risk of failure)
Press: ? - help, Shift-Dir - straight line, f/p - adder
Aim: an adder (severely wounded, slow)
You freeze the adder!
You kill the adder!
Your Spellcasting skill increases to level 4!
Casting: Freeze (safe; 1% risk of failure)
Confirm with . or Enter, or press ? or * to list all spells.
Aiming: Freeze (safe; 1% risk of failure)
Press: ? - help, Shift-Dir - straight line, f - gnoll
Aim: a gnoll, wielding a +0 club You freeze the gnoll.
The gnoll is moderately wounded.
The gnoll hits you with a +0 club.
The gnoll hits you from afar with a +0 halberd!
Ouch! That really hurt!
You die...

#.####.# ....
.## #......#
.#. ....
#..###.# .
#.##
#..#≈#.##
#..###..#.#
#.........# #
#.##.####.#
>...#..###..#
####....@gg.#
#.#####g.#
... ..# .##.
..# # # g..
.... ..#.#
..#.#


You could see 3 gnolls.

Vanquished Creatures
  An adder (D:2)
  6 endoplasms
  2 giant cockroaches
  7 goblins
  4 hobgoblins (D:1)
  3 kobolds
  A quokka (D:1)
  3 ball pythons
  6 bats
  2 frilled lizards
  7 rats
42 creatures vanquished.

Vanquished Creatures (others)
  7 plants (D:1)
7 creatures vanquished.

Grand Total: 49 creatures vanquished

Notes
Turn   | Place    | Note
-------+----------+-------------------------------------------
     0 | D:1      | Heoruswealwe the Deep Elf Ice Elementalist began the quest
                  | for the Orb.
     0 | D:1      | Reached XP level 1. HP: 10/10 MP: 6/6
   195 | D:1      | Reached XP level 2. HP: 14/15 MP: 1/8
   248 | D:1      | Found Ihihet's Jewellery Shoppe.
   366 | D:1      | Reached skill level 5 in Ice Magic
   678 | D:1      | Reached XP level 3. HP: 19/19 MP: 2/10
  1086 | D:1      | Learned a level 3 spell: Frozen Ramparts
  1474 | D:2      | Slain by a gnoll

Illustrated notes

Levels and vault maps discovered:
D:1:      psy_arrival_fountain, layout_basic, serial_shops, shop
D:2:      layout_loops_ring, feat_on_display
D:3:      layout_basic, fedhas_altar_3, grunt_decor_mini_mirrors, moated_statue,
          nrook_mini_backslash, uniq_grinder

Skill      XL: |  1  2  3 |
---------------+----------+-----
Ice Magic      | 5 |  5.3
Spellcasting   | 4 |  4.0
Dodging        | |  2.4
Stealth        | |  2.7

Action                   || total
-------------------------++-------
Melee: Unarmed           ||    36
       Punch             ||     1
 Cast: Freeze            ||    74
Armor: Robe              ||     9
Dodge: Dodged            ||    33
